 Dungeon Crawl Stone Soup version 0.18.1-8-gdd0e5ea (webtiles) character file.

158 manyhoops the Cudgeler (level 5, -4/58 HPs)
             Began as an Ogre Berserker on June 5, 2016.
             Was a Believer of Trog.
             Slain by a big kobold (6 damage)
             ... on level 3 of the Dungeon.
             The game lasted 00:03:38 (1585 turns).

manyhoops the Cudgeler (Ogre Berserker)             Turns: 1585, Time: 00:03:38

Health: -4/58      AC:  3    Str: 23    XL:     5   Next: 39%
Magic:  5/5        EV: 10    Int: 11    God:    Trog [**....]
Gold:   81         SH:  0    Dex:  9    Spells: 0 memorised, 4 levels left

rFire  . . .     SeeInvis .     a - +0 mace
rCold  . . .     Gourm    .     b - +0 animal skin
rNeg   . . .     Faith    .     (no shield)
rPois  +         Spirit   .     (helmet restricted)
rElec  .         Dismiss  .     (no cloak)
rCorr  .         Reflect  .     (gloves unavailable)
SustAt .         Harm     .     (boots unavailable)
MR     .....                    (no amulet)
Stlth  +.........               (no ring)
                                h - ring of poison resistance

@: brilliant, exhausted, slowed, very slow, not resistant to hostile
enchantments, very unstealthy
A: unfitting armour, tough skin 1
a: Berserk, Trog's Hand, Burn Spellbooks, Renounce Religion


You were on level 3 of the Dungeon.
You worshipped Trog.
Trog was pleased with you.
You were near starving.

You visited 1 branch of the dungeon, and saw 3 of its levels.

You collected 81 gold pieces.

Inventory:

Hand Weapons
 a - a +0 mace (weapon)
Armour
 b - a +0 animal skin (worn)
Jewellery
 h - a ring of poison resistance (left hand)
Scrolls
 d - a scroll of magic mapping {unknown}
 e - a scroll of identify {unknown}
 f - a scroll of remove curse
 g - a scroll of fog {unknown}
 i - a scroll of immolation {unknown}
 k - a scroll of teleportation {unknown}
 l - a scroll of fear {unknown}
Comestibles
 c - 2 bread rations


   Skills:
 + Level 5.6 Fighting
 * Level 6.7 Maces & Flails
 - Level 2.6 Dodging


You had 4 spell levels left.
You didn't know any spells.

Dungeon Overview and Level Annotations

Branches:
Dungeon (2/15)

Altars:
Kikubaaqudgha


Innate Abilities, Weirdness & Mutations

You are too large for most types of armour.
You have tough skin (AC +1).


Message History

The big kobold is moderately wounded.
The big kobold barely misses you. The big kobold hits you.
* * * LOW HITPOINT WARNING * * *
You hit the big kobold.
The big kobold is heavily wounded.
The big kobold barely misses you. The big kobold hits you.
* * * LOW HITPOINT WARNING * * *
You closely miss the big kobold.
The big kobold is heavily wounded.
The big kobold hits you.
* * * LOW HITPOINT WARNING * * *
It was a potion of brilliance.
You feel clever all of a sudden. The big kobold hits you.
* * * LOW HITPOINT WARNING * * *
The big kobold hits you but does no damage.
You are near starving!
You see here 3 stones.
The big kobold hits you.
You die...

#.......
#.......
#+##.....
#......#
#......#
#..)...########
#'##.).........
#$ #)()........
# #).K@.(.....
############


You could see a big kobold.

Vanquished Creatures
  A big kobold (D:3)
  4 adders
  3 worms
  2 dart slugs (D:1)
  2 bats (D:1)
  2 giant cockroaches
  8 goblins
  4 hobgoblins
  2 quokkas (D:2)
  A ball python (D:2)
  5 giant newts
  10 kobolds
  4 rats
48 creatures vanquished.

Vanquished Creatures (others)
  A human (D:2)
1 creature vanquished.

Grand Total: 49 creatures vanquished

Notes
Turn   | Place    | Note
--------------------------------------------------------------
     0 | D:1      | manyhoops the Ogre Berserker began the quest for the Orb.
     0 | D:1      | Reached XP level 1. HP: 24/24 MP: 1/1
   207 | D:1      | Reached XP level 2. HP: 26/32 MP: 2/2
   463 | D:1      | Reached ** piety under Trog
   463 | D:1      | Reached XP level 3. HP: 38/40 MP: 3/3
   873 | D:2      | Reached skill level 5 in Maces & Flails
   878 | D:2      | Reached skill level 5 in Fighting
   982 | D:2      | Found an ancient bone altar of Kikubaaqudgha.
   982 | D:2      | Noticed a human
   985 | D:2      | Killed a human
  1039 | D:1      | Reached XP level 4. HP: 16/50 MP: 4/4
  1046 | D:1      | HP: 2/50 [poisoned by an adder]
  1547 | D:2      | You fall through a shaft!
  1553 | D:3      | Noticed a big kobold
  1555 | D:3      | Reached skill level 6 in Maces & Flails
  1560 | D:3      | Killed a big kobold
  1560 | D:3      | Reached XP level 5. HP: 31/58 MP: 5/5
  1572 | D:3      | Noticed a big kobold
  1583 | D:3      | HP: 2/58 [big kobold (2)]
  1585 | D:3      | Slain by a big kobold

Skill      XL: |  1  2  3  4 |
---------------+-------------+-----
Maces & Flails | 5 6 |  6.7
Fighting       | 5 |  5.6
Dodging        | |  2.6

Action                   |  1- 3 |  4- 6 || total
-------------------------+-------+-------++-------
Melee: Mace              |    97 |    65 ||   162
Invok: Berserk           |       |     1 ||     1
       Trog's Hand       |       |     1 ||     1
  Use: Potion            |       |     2 ||     2
       Scroll            |       |     1 ||     1
  Eat: Chunk             |       |     2 ||     2
Armor: Animal skin       |    25 |    15 ||    40
Dodge: Dodged            |    52 |    39 ||    91
